 Dungeon Crawl Stone Soup version 0.31-a0-358-gac0dbeb3ab (webtiles) character file.

Game seed: 15486323215335039980

119 CraigForest the Trooper (level 4, -6/37 HPs)
             Began as a Demonspawn Monk on July 25, 2023.
             Mangled by a gnoll
             ... wielding a +0 halberd
              (7 damage)
             ... on level 3 of the Dungeon.
             The game lasted 00:09:17 (1582 turns).

CraigForest the Trooper (Demonspawn Monk)           Turns: 1582, Time: 00:09:17

Health: -6/37      AC:  5    Str: 12    XL:     4   Next: 74%
Magic:  13/13      EV: 11    Int: 11    God:
Gold:   107        SH:  0    Dex: 17    Spells: 3/3 levels left

rFire   . . .        a - +1 falchion (elec)
rCold   . . .        d - orb {light}
rNeg    . . .        e - +0 ring mail {rPois}
rPois   +            (helmet restricted)
rElec   .            (no cloak)
rCorr   .            (no gloves)
SInv    .            (no boots)
Will    .....        (no amulet)
Stlth   +            j - ring of magical power
HPRegen 0.26/turn    (no ring)
MPRegen 0.13/turn

%: no passive effects
@: glowing
A: horns 1
a: no special abilities


You were on level 3 of the Dungeon.
You visited 1 branch of the dungeon, and saw 3 of its levels.

You collected 107 gold pieces.

Inventory:

Hand Weapons
 a - a +1 falchion of electrocution (weapon)
Armour
 b - a +0 robe
 d - an orb of light (worn)
 e - a +0 ring mail of poison resistance (worn)
 g - a +0 helmet
Jewellery
 j - a ring of magical power (left hand)
Potions
 c - a potion of ambrosia
 f - a potion of heal wounds {unknown}
 h - a potion of brilliance {unknown}
 i - 2 potions of cancellation {unknown}
 k - a potion of berserk rage {unknown}
 l - a potion of haste {unknown}
 m - a potion of invisibility {unknown}
 n - a potion of might {unknown}


   Skills:
 + Level 3.8 Fighting
 + Level 3.8 Long Blades
 + Level 1.3 Armour
 + Level 3.1 Dodging


You had 3 spell levels left.
You didn't know any spells.
Your spell library was empty.

Dungeon Overview and Level Annotations

Branches:
Dungeon (3/15)

Altars:
Cheibriados


Innate Abilities, Weirdness & Mutations

You have a pair of small horns on your head.


Message History

There is an open door here.
There is a stone staircase leading down here.
You climb downwards.
There is a stone staircase leading up here.
A goblin comes into view. It is wielding a +0 club.
The goblin shouts!
You slash the goblin!
You kill the goblin!
Things that are here:
a +0 club; a goblin corpse
n - a fuming white potion A gnoll comes into view.
It is wielding a +0 halberd.
The gnoll shouts!
You hear a shout!
A gnoll comes into view. It is wielding a +0 spear.
A gnoll comes into view. It is wielding a +0 halberd.
The gnoll shouts!
A gnoll comes into view. It is wielding a +0 halberd.
The gnoll shouts!
The gnoll hits you from afar with a +0 halberd!
The gnoll completely misses you. The gnoll hits you but does no damage.
You hit the gnoll. Lightning courses through the gnoll!
You kill the gnoll!
The gnoll hits you from afar with a +0 spear.
The gnoll closely misses you. The gnoll hits you with a +0 spear.
You see here a +0 halberd.
You hit the gnoll. Lightning courses through the gnoll!
You kill the gnoll!
The gnoll hits you but does no damage. The gnoll closely misses you.
The gnoll barely misses you.
Things that are here:
a +0 spear; a gnoll corpse You hit the gnoll.
You headbutt the gnoll.
The gnoll is moderately wounded.
The gnoll hits you from afar with a +0 halberd.
The gnoll hits you with a +0 halberd!
* * * LOW HITPOINT WARNING * * *
You hit the gnoll but do no damage. Your headbutt misses the gnoll.
The gnoll is moderately wounded.
The gnoll hits you with a +0 halberd!
You die...

#. #. #. .# #. .#
#.#####.# #.#
#.......##
.....#####.#$....###
.....gg@)...........
.....#####.#.....#.#
#.# #.#.....#.#
#.#..##.#.#
#.#..##.#.#
#....##.#.#
###.......#
#####.### ##.## #


You could see 2 gnolls.

Vanquished Creatures
  5 gnolls
  2 adders (D:2)
  A dart slug (D:1)
  4 endoplasms
  6 goblins
  4 hobgoblins
  5 jackals
  5 kobolds
  3 quokkas
  6 ball pythons
  5 bats
  3 frilled lizards
  2 rats
51 creatures vanquished.

Notes
Turn   | Place    | Note
-------+----------+-------------------------------------------
     0 | D:1      | CraigForest the Demonspawn Monk began the quest for the
                  | Orb.
     0 | D:1      | Reached XP level 1. HP: 18/18 MP: 1/1
   151 | D:1      | Gained mutation: You have a pair of small horns on your
                  | head. [demonic ancestry]
   151 | D:1      | Reached XP level 2. HP: 20/24 MP: 2/2
   555 | D:1      | Reached XP level 3. HP: 29/29 MP: 3/3
   693 | D:2      | Reached skill level 1 in Armour
   721 | D:2      | Reached XP level 4. HP: 37/37 MP: 4/4
  1043 | D:2      | Found a snail-covered altar of Cheibriados.
  1209 | D:2      | Found a faded altar of an unknown god.
  1581 | D:3      | HP: 1/37 [gnoll/+0 halberd (13)]
  1582 | D:3      | Mangled by a gnoll

Illustrated notes

Levels and vault maps discovered:
D:1:      elethiomel_arrival_maze, layout_loops_ring,
          minmay_misc_feat_more_columns, minmay_ruptured
D:2:      layout_loops_corners, basic_altar, basic_ecumenical_altar
D:3:      layout_loops_corners, mainiacjoe_overflow_surrounded_room

Skill      XL: |  1  2  3 |
---------------+----------+-----
Long Blades    | 3 |  3.8
Dodging        | 3 |  3.1
Armour         | 1 |  1.3
Fighting       | |  3.8

Action                     |  1- 3 |  4- 6 || total
---------------------------+-------+-------++-------
  Melee: Falchion          |    63 |    25 ||    88
         Headbutt          |     8 |     3 ||    11
    Use: Scroll            |     5 |       ||     5
 Armour: Ring mail         |    21 |    11 ||    32
  Dodge: Dodged            |    44 |    13 ||    57

Table legend: (Time is in decaauts)
 A = Elapsed time spent in this place.
 B = Non-inter-level travel time spent in this place.
 C = Inter-level travel time spent in this place.
 D = Time resting spent in this place.
 E = Time spent auto-exploring this place.
 F = Levels seen in this place.
 G = Mean time per level.
                   A        B        C        D        E       F      G
               +--------+--------+--------+--------+--------+-----+--------+
         Total |   1593 |   1026 |    567 |      0 |    702 |   3 |  531.0 |
       Dungeon |   1593 |   1026 |    567 |      0 |    702 |   3 |  531.0 |
               +--------+--------+--------+--------+--------+-----+--------+

Top non-repeatable levels by time:
     D:2: 931 daAuts
     D:1: 617 daAuts
     D:3: 45 daAuts
